 Dungeon Crawl Stone Soup version 0.20.0-8-g6b59dc7 (webtiles) character file.

131036 Kosschaser the Peltast (level 17, -20/97 HPs)
             Began as a Gargoyle Fighter on May 30, 2017.
             Was a High Priest of Okawaru.
             Killed from afar by a Hell Sentinel (37 damage)
             ... with an iron shot
             ... on level 2 of the Abyss on May 31, 2017.
             The game lasted 02:38:38 (26080 turns).

Kosschaser the Peltast (Gargoyle Fighter)          Turns: 26080, Time: 02:38:39

Health: -20/97     AC: 42    Str: 21    XL:     17   Next: 9%
Magic:  0/14       EV: 14    Int:  6    God:    Okawaru [*****.]
Gold:   1496       SH: 16    Dex: 20    Spells: 19/20 levels left

rFire    + + +     SeeInvis .   E - +6 flail (holy)
rCold    + + +     Gourm    .   c - +0 shield
rNeg     + + .     Faith    .   L - +12 chain mail of the Grey Skies {rPois Regen+ Int-4}
rPois    ∞         Spirit   +   G - +1 helmet
rElec    +         Reflect  .   P - scarf {rC+ rF+}
rCorr    .         Harm     .   r - +0 pair of gloves
MR       +....     Rnd*Tele +   O - +0 pair of boots {run}
Stlth    ..........             T - amulet of guardian spirit
Regen    1.1/turn               B - ring of Tiygan Cevi {rF+ Dex+2}
MPRegen  0.2/turn               Q - ring "Zigul" {rF+ rC+ rN+ Dex+2}

@: flying, quick
A: big wings, thin skeletal structure 1, blink, cold resistance 1, [frail 1],
low mp 1[+2], negative energy resistance 1, regeneration 1, electricity
resistance, teleportitis 1, unbreathing, petrification resistance, rot immunity,
AC +12
a: Stop Flying, Blink, Heroism, Finesse, Renounce Religion


You were on level 2 of the Abyss.
You worshipped Okawaru.
Okawaru was extremely pleased with you.
You were not hungry.

You visited 4 branches of the dungeon, and saw 25 of its levels.
You visited the Abyss 1 time.
You visited 1 bazaar.

You collected 1748 gold pieces.
You spent 252 gold pieces at shops.

Inventory:

Hand Weapons
 o - a +5 whip of venom
 u - a +1 whip of freezing
 E - a +6 flail of holy wrath (weapon)
Armour
 b - the +1 pair of boots of Okawaru's Castigation {-Cast MP+9 SInv}
   (Okawaru gifted it to you on level 3 of the Lair of Beasts)

   It affects your magic capacity (+9).
   It lets you see invisible.
   It prevents spellcasting.
 c - a +0 shield (worn)
 r - a +0 pair of gloves (worn)
 G - a +1 helmet (worn)
 L - the +12 chain mail of the Grey Skies (worn) {rPois Regen+ Int-4}
   (You found it on level 1 of the Lair of Beasts)

   It affects your intelligence (-4).
   It protects you from poison.
   It increases your rate of regeneration.
 O - a +0 pair of boots of running (worn)
 P - a scarf of resistance (worn)
 V - a +0 cloak of invisibility
Jewellery
 B - the ring of Tiygan Cevi (left hand) {rF+ Dex+2}
   (You acquired it on level 13 of the Dungeon)

   [ring of protection from fire]

   It affects your dexterity (+2).
   It protects you from fire.
 C - the ring of Monuut {rC+ MR+}
   (You found it on level 6 of the Lair of Beasts)

   [ring of protection from cold]

   It protects you from cold.
   It affects your resistance to hostile enchantments.
 Q - the ring "Zigul" (right hand) {rF+ rC+ rN+ Dex+2}
   (You found it on level 2 of the Lair of Beasts)

   [ring of protection from cold]

   It affects your dexterity (+2).
   It protects you from fire.
   It protects you from cold.
   It protects you from negative energy.
 T - an amulet of guardian spirit (around neck)
Wands
 e - a wand of scattershot (1/9)
 y - a wand of flame (22/48)
 M - a wand of clouds (2/9)
Scrolls
 g - 5 scrolls of teleportation
 j - 10 scrolls of remove curse
 k - 5 scrolls of amnesia
 q - 8 scrolls of recharging
 w - 6 scrolls of magic mapping
 D - 2 scrolls of fog
 H - a scroll of enchant armour
 J - a scroll of blinking
 U - 5 scrolls of fear
 Z - 2 scrolls of silence
Potions
 d - 3 potions of might
 h - 3 potions of brilliance
 i - 6 potions of haste
 m - 11 potions of curing
 s - 3 potions of cancellation {unknown}
 t - 2 potions of heal wounds
 v - 4 potions of resistance
 x - 2 potions of invisibility {unknown}
 z - 2 potions of degeneration {unknown}
 A - 3 potions of magic
 F - a potion of berserk rage {unknown}
 I - 3 potions of lignification {unknown}
 N - 2 potions of ambrosia {unknown}
Books
 a - Sif Muna's Volume of Poison and Hexes
   (You found it on level 3 of the Shoals)

   Spells                             Type                      Level
   a - Sting                          Conjuration/Poison           1
   b - Mephitic Cloud                 Conjuration/Poison/Air       3
   c - Inner Flame                    Hexes/Fire                   3
   d - Yara's Violent Unravelling     Hexes/Transmutation          5
   e - Discord                        Hexes                        8
Comestibles
 f - 17 bread rations
 l - 17 meat rations
 n - 8 royal jellies
 p - 58 fruits


   Skills:
 + Level 13.0 Fighting
 + Level 14.6 Maces & Flails
 + Level 12.4 Armour
 + Level 9.0 Dodging
 + Level 18.4 Shields
 * Level 2.3 Spellcasting
 * Level 2.4 Conjurations
 + Level 2.1 Poison Magic
 + Level 1.2 Invocations
 + Level 2.0 Evocations


You had 19 spell levels left.
You knew the following spells:

 Your Spells              Type           Power        Failure   Level  Hunger
a - Sting                 Conj/Pois      #...         65%         1    ##.....


Dungeon Overview and Level Annotations

Branches:
Dungeon (14/15)            Temple (1/1) D:7            Lair (6/6) D:11
 Shoals (4/4) Lair:4       Spider (0/4) Lair:4        Slime (0/5) Lair:6
    Orc (0/2) D:12         Vaults (0/5) D:14

Altars:
Ashenzari
Cheibriados
Dithmenos
Elyvilon
Fedhas
Gozag
Hepliaklqana
Kikubaaqudgha
Makhleb
Nemelex Xobeh
Okawaru
Qazlal
Ru
Trog
Uskayaw
Vehumet
Xom
Yredelemnul
Zin
The Shining One

Shops:
D:4 *   D:10 !   D:14 [   Shoals:1 :


Innate Abilities, Weirdness & Mutations

You are resistant to torment.
Your stone body is resilient. (AC +12)
You are immune to poison.
Your large and strong wings let you fly indefinitely.
You resist negative energy. (rN+)
You are resistant to electric shocks. (rElec)
You can survive without breathing.
You are immune to petrification.
You are immune to rotting.
You have a somewhat thin skeletal structure. (Dex +2, Stealth)
You can translocate small distances at will.
Your flesh is cold resistant. (rC+)
Your natural rate of healing is unusually fast.
You are occasionally teleported next to monsters.
[You are frail. (-10% HP)]
[Your magical capacity is extremely low. (-30% MP)]


Message History

The raiju is moderately wounded.
The raiju bursts into living lightning!
The living lightning misses you.
The raiju blinks!
You swing at nothing.
The raiju bursts into living lightning!
The living lightning hits you!
The raiju blinks!
The Hell Sentinel gestures at you. The iron shot hits you!
Ouch! That really hurt!
* * * LOW HITPOINT WARNING * * *
As you read the scroll of holy word, it crumbles to dust.
You speak a Word of immense power!
The Hell Sentinel convulses!
The large abomination convulses!
You block the raiju's attack.
The raiju bursts into living lightning!
The living lightning hits the Hell Sentinel.
The Hell Sentinel completely resists.
The living lightning misses you.
The raiju blinks!
The Hell Sentinel gestures at you. The iron shot hits you!
You die...

............'X..
.. ..........#
..............#
....###..#X.# #
# #§#.§##..#
##....# h# ##.1.
##.## #@# #..h#
##†.# #h## #.# #
.# ..## ## ##
... #..


You could see a Hell Sentinel (dazed), a large abomination (dazed) and 2 raiju.

Vanquished Creatures
  Rupert (Lair:5)
  An Executioner (Abyss:2)
  Snorg (D:11)
  4 merfolk impalers
  A rakshasa (Abyss:2)
  2 catoblepae (Lair:5)
  A vault guard (D:14)
  An alligator snapping turtle (Shoals:1)
  2 centaur warriors (D:13)
  2 merfolk avatars
  3 merfolk aquamancers
  3 two-headed ogres
  2 satyrs
  A tengu warrior (D:13)
  11 death yaks
  A fire crab (shapeshifter) (D:14)
  3 skeletal warriors (D:14)
  A wretched star (Abyss:2)
  2 unseen horrors
  11 sea snakes
  4 lindwurms (Lair:2)
  3 deep elf magi
  Pikel (D:6)
  17 harpies
  A wolf spider (Lair:4)
  A wolf spider zombie (D:8)
  5 oklob plants (Lair:6)
  16 fauns
  4 cyclopes
  3 ugly things
  11 manticores
  6 centaur zombies
  4 elephants
  15 merfolk sirens
  4 water nymphs
  A guardian serpent (Abyss:2)
  5 black mambas
  Joseph (D:8)
  12 spiny frogs
  2 smoke demons (Abyss:2)
  6 rime drakes
  2 large abominations (Abyss:2)
  An efreet (Abyss:2)
  2 redback zombies (D:8)
  9 komodo dragons
  2 ancient zymes (Abyss:2)
  2 hellwings (D:8)
  A tormentor (Abyss:2)
  2 yaktaurs (shapeshifter)
  27 merfolk
  3 trolls
  2 meliai (D:13)
  5 polar bears
  4 hornets (Lair:6)
  11 wind drakes
  35 blink frogs
  5 slime creatures (D:12)
  2 raiju (Abyss:2)
  11 hippogriffs
  8 snapping turtles
  10 water elementals
  4 wyverns
  A wraith (D:11)
  41 yaks
  A spriggan (D:7)
  2 hungry ghosts
  4 basilisks
  7 vampire mosquitoes
  Menkaure (D:6)
  5 wargs
  11 water moccasins
  7 porcupines
  4 ice beasts
  A slave (D:6)
  6 black bears
  5 sky beasts
  3 phantoms
  A necrophage (D:10)
  45 wolves
  7 ogres
  7 centaurs
  16 crocodiles
  4 small abominations (Abyss:2)
  2 big kobolds (D:13)
  The ghost of JarielCorvus the Magician, an amateur DEFE (D:4)
  16 bullfrogs
  The ghost of Kosschaser the Sneak, an amateur VSEn (D:3)
  2 wyvern zombies
  A scorpion (D:7)
  A water moccasin skeleton (D:6)
  8 killer bees (D:13)
  4 wights (D:12)
  An electric eel (Lair:4)
  3 howler monkeys
  6 crimson imps
  7 jellies
  An iron imp (Abyss:2)
  5 orc priests
  Crazy Yiuf (D:4)
  7 orc wizards
  A bullfrog skeleton (D:5)
  10 hounds
  2 centaur skeletons
  3 gnoll shamans
  7 iguanas
  4 worker ants
  A killer bee zombie (D:10)
  A hound zombie (D:6)
  2 hound skeletons
  A worker ant zombie (D:6)
  Robin (D:4)
  A howler monkey skeleton (D:10)
  8 adders
  22 gnolls
  6 shadow imps
  2 white imps (Abyss:2)
  An ufetubus (Abyss:2)
  An ooze (D:5)
  2 adder zombies
  An adder skeleton (D:8)
  A worm (D:3)
  2 dart slugs (D:3)
  8 leopard geckos
  24 orcs
  17 giant cockroaches
  4 hobgoblins
  22 jackals
  6 kobolds
  4 quokkas
  2 ball pythons
  4 bats
  A frilled lizard (D:4)
  13 goblins
  A jackal zombie (D:5)
  2 leopard gecko skeletons
  A leopard gecko zombie (D:5)
  A quokka skeleton (D:6)
  7 rats
  2 bushes (Lair:6)
  A plant (Lair:6)
770 creatures vanquished.

Vanquished Creatures (others)
  A thrashing horror (Abyss:2)
  A harpy (Shoals:2)
  A merfolk (Shoals:1)
  A bullfrog (D:14)
  An orc wizard (D:13)
  3 orcs (D:6)
  8 bushes (Lair:6)
  7 fungi
  A lurking horror (Abyss:2)
  63 plants
  9 toadstools (Lair:6)
  A withered plant (D:8)
97 creatures vanquished.

Grand Total: 867 creatures vanquished

Notes
Turn   | Place    | Note
-------+----------+-------------------------------------------
     0 | D:1      | Kosschaser the Gargoyle Fighter began the quest for the Orb.
     0 | D:1      | Reached XP level 1. HP: 14/14 MP: 1/1
   223 | D:1      | Reached XP level 2. HP: 19/19 MP: 2/2
   675 | D:2      | Reached XP level 3. HP: 23/23 MP: 3/3
   791 | D:2      | Found a white marble altar of Elyvilon.
   798 | D:2      | Found a blossoming altar of Fedhas.
   824 | D:2      | Found a hide-covered altar of Uskayaw.
   829 | D:2      | Found a sacrificial altar of Ru.
  1609 | D:3      | Reached XP level 4. HP: 29/29 MP: 4/4
  1631 | D:3      | Reached skill level 4 in Shields
  1658 | D:3      | Noticed Kosschaser's ghost (amateur VSEn)
  1671 | D:4      | Reached skill level 1 in Dodging
  1817 | D:3      | Killed Kosschaser's ghost
  1817 | D:3      | Reached XP level 5. HP: 32/33 MP: 5/5
  2283 | D:4      | Noticed an ogre
  2543 | D:4      | Killed an ogre
  2543 | D:4      | Reached XP level 6. HP: 10/38 MP: 6/6
  2756 | D:4      | Noticed JarielCorvus's ghost (amateur DEFE)
  2765 | D:4      | Killed JarielCorvus's ghost
  2799 | D:4      | Noticed a phantom
  2981 | D:4      | Killed a phantom
  2981 | D:4      | Reached skill level 5 in Shields
  3002 | D:4      | Reached XP level 7. HP: 29/43 MP: 7/7
  3333 | D:4      | Found Vuusuoty's General Store.
  3345 | D:4      | Bought a scroll of identify for 20 gold pieces
  3460 | D:4      | Noticed Robin
  3484 | D:4      | Killed Robin
  3517 | D:4      | Found a runed door.
  3521 | D:4      | Noticed Crazy Yiuf
  3537 | D:4      | Killed Crazy Yiuf
  3566 | D:5      | Entered Level 5 of the Dungeon
  3633 | D:5      | Reached skill level 5 in Armour
  3650 | D:5      | Reached skill level 5 in Maces & Flails
  3767 | D:5      | Reached XP level 8. HP: 42/48 MP: 8/8
  4252 | D:5      | Found an opulent altar of Gozag.
  4286 | D:5      | Found a stormy altar of Qazlal.
  4426 | D:5      | Reached skill level 6 in Shields
  4569 | D:6      | Found a bloodstained altar of Trog.
  4844 | D:6      | Reached skill level 5 in Fighting
  4850 | D:6      | Noticed Pikel
  4875 | D:6      | Killed Pikel
  4875 | D:6      | Reached XP level 9. HP: 47/54 MP: 9/9
  4904 | D:6      | Found a radiant altar of Vehumet.
  4913 | D:6      | Noticed Menkaure
  4925 | D:6      | Killed Menkaure
  5059 | D:6      | Reached skill level 7 in Shields
  5099 | D:6      | Found a snail-covered altar of Cheibriados.
  5318 | D:7      | Found a staircase to the Ecumenical Temple.
  5326 | Temple   | Entered the Ecumenical Temple
  5470 | Temple   | Became a worshipper of Warmaster Okawaru
  6218 | D:7      | Found a blossoming altar of Fedhas.
  6707 | D:8      | Noticed a hellwing
  6773 | D:8      | Reached * piety under Okawaru
  6773 | D:8      | Reached skill level 5 in Dodging
  6999 | D:8      | Reached skill level 8 in Shields
  6999 | D:8      | Reached XP level 10. HP: 38/60 MP: 10/10
  7182 | D:8      | Found a sparkling altar of Nemelex Xobeh.
  7302 | D:8      | Reached ** piety under Okawaru
  7634 | D:8      | Gained mutation: Your natural rate of healing is unusually fast. [mutagenic meat]
  7635 | D:8      | Gained mutation: You have large cloven feet. [mutagenic meat]
  7636 | D:8      | Gained mutation: You are clumsy. (Dex -2) [mutagenic meat]
  7723 | D:8      | Reached skill level 9 in Shields
  7741 | D:8      | Noticed Joseph
  7758 | D:8      | Killed Joseph
  7758 | D:8      | Reached *** piety under Okawaru
  7868 | D:8      | Found a shimmering altar of Xom.
  7904 | D:8      | Found a shattered altar of Ashenzari.
  7942 | D:8      | Noticed a two-headed ogre
  7998 | D:8      | Killed a two-headed ogre
  7998 | D:8      | Reached **** piety under Okawaru
  7998 | D:8      | Reached XP level 11. HP: 33/66 MP: 11/11
  8828 | D:10     | Entered Level 10 of the Dungeon
  9139 | D:10     | Noticed an unseen horror
  9152 | D:10     | Killed an unseen horror
  9167 | D:10     | Found Qositwo's Distillery.
  9190 | D:10     | Bought a potion of heal wounds for 65 gold pieces
  9465 | D:10     | Reached skill level 10 in Shields
  9738 | D:11     | Found a staircase to the Lair.
 10118 | D:11     | Noticed Snorg
 10213 | D:11     | Reached ***** piety under Okawaru
 10348 | D:11     | Killed Snorg
 10348 | D:11     | Reached skill level 10 in Maces & Flails
 11118 | D:12     | Found a flickering gateway to a bazaar.
 11162 | Bazaar   | Entered a bazaar
 11162 | Bazaar   | Found Ymu Edutz's General Store.
 11162 | Bazaar   | Found Muisey's General Store.
 11184 | Bazaar   | Found Luno's General Store.
 11184 | Bazaar   | Found Guriyts's General Store.
 11208 | Bazaar   | Found Egigyshott's General Store.
 11208 | Bazaar   | Found Zisi's General Store.
 11231 | Bazaar   | Found Deit's General Store.
 11231 | Bazaar   | Found Zuifivi's General Store.
 11242 | Bazaar   | Bought a scroll of identify for 18 gold pieces
 11242 | Bazaar   | Bought a scroll of enchant weapon for 67 gold pieces
 11263 | Bazaar   | Bought a scroll of enchant weapon for 82 gold pieces
 11320 | D:12     | Noticed a red ugly thing
 11353 | D:12     | Killed a red ugly thing
 11537 | D:12     | Noticed a cyclops
 11553 | D:12     | Killed a cyclops
 11553 | D:12     | Reached XP level 12. HP: 72/72 MP: 12/12
 11622 | D:12     | Noticed a two-headed ogre
 11639 | D:12     | Killed a two-headed ogre
 11639 | D:12     | Received a gift from Okawaru
 11639 | D:12     | Reached skill level 11 in Shields
 11739 | D:12     | Found a staircase to the Orcish Mines.
 11751 | D:12     | Noticed a two-headed ogre
 11796 | D:12     | Killed a two-headed ogre
 12454 | D:13     | Noticed a centaur warrior
 12486 | D:13     | Killed a centaur warrior
 12591 | D:13     | Identified 2 scrolls of acquirement
 12593 | D:13     | Got a clouded tin ring
 12595 | D:13     | Identified the ring of Tiygan Cevi {rF+ Dex+2} (You acquired it on level 13 of the Dungeon)
 12605 | D:13     | Got a shimmering crystal plate armour
 12616 | D:13     | Identified the +1 crystal plate armour "Tilyep" {*Drain rCorr Dex+3} (You acquired it on level 13 of the Dungeon)
 12954 | D:13     | Reached ****** piety under Okawaru
 13118 | D:13     | Received a gift from Okawaru
 13254 | D:13     | Noticed a centaur warrior
 13266 | D:13     | Reached skill level 12 in Shields
 13266 | D:13     | Reached XP level 13. HP: 76/79 MP: 13/13
 13587 | D:14     | Noticed a vault guard
 13613 | D:14     | Killed a vault guard
 13640 | D:14     | Found a gate to the Vaults.
 13819 | D:14     | Found Ehastora's Armour Emporium.
 14173 | D:14     | Lost mutation: You have large cloven feet. [potion of mutation]
 14173 | D:14     | Lost mutation: You are clumsy. (Dex -2) [potion of mutation]
 14173 | D:14     | Lost mutation: Your natural rate of healing is unusually fast. [potion of mutation]
 14173 | D:14     | Gained mutation: Scrolls take you a little longer to read. [potion of mutation]
 14173 | D:14     | Gained mutation: Your flesh is cold resistant. (rC+) [potion of mutation]
 14173 | D:14     | Gained mutation: You are partially covered in rugged brown scales. (AC +1, +3% HP) [potion of mutation]
 14173 | D:14     | Gained mutation: Your spells are a little harder to cast, but a little more powerful. [potion of mutation]
 14174 | D:14     | Lost mutation: Scrolls take you a little longer to read. [potion of mutation]
 14174 | D:14     | Lost mutation: You are partially covered in rugged brown scales. (AC +1, +3% HP) [potion of mutation]
 14174 | D:14     | Lost mutation: Your spells are a little harder to cast, but a little more powerful. [potion of mutation]
 14174 | D:14     | Gained mutation: You have a somewhat thin skeletal structure. (Dex +2, Stealth) [potion of mutation]
 14174 | D:14     | Gained mutation: Your natural rate of healing is unusually fast. [potion of mutation]
 14174 | D:14     | Gained mutation: You can translocate small distances at will. [potion of mutation]
 14211 | D:14     | Found a burning altar of Makhleb.
 14213 | D:14     | Noticed a blizzard demon
 14385 | D:11     | Reached skill level 13 in Shields
 14392 | Lair:1   | Entered Level 1 of the Lair of Beasts
 14498 | Lair:1   | Received a gift from Okawaru
 14536 | Lair:1   | Identified a +0 pair of boots of running (Okawaru gifted it to you on level 1 of the Lair of Beasts)
 14544 | Lair:1   | Got an obsidian-encrusted chain mail
 14555 | Lair:1   | Identified the +12 chain mail of the Grey Skies {rPois Regen+ Int-4} (You found it on level 1 of the Lair of Beasts)
 15981 | Lair:2   | Reached skill level 10 in Armour
 15987 | Lair:2   | Got a fine bone ring
 15989 | Lair:2   | Identified the ring "Zigul" {rF+ rC+ rN+ Dex+2} (You found it on level 2 of the Lair of Beasts)
 16059 | Lair:3   | Gained mutation: Your large and strong wings let you fly indefinitely. [Gargoyle growth]
 16059 | Lair:3   | Reached XP level 14. HP: 85/87 MP: 11/14
 16174 | Lair:3   | Reached skill level 14 in Shields
 16229 | Lair:3   | Reached skill level 1 in Invocations
 16274 | Lair:3   | Received a gift from Okawaru
 16291 | Lair:3   | Got a pair of dazzling boots {god gift}
 16302 | Lair:3   | Identified the +1 pair of boots of Okawaru's Castigation {-Cast MP+9 SInv} (Okawaru gifted it to you on level 3 of the Lair of Beasts)
 16844 | Lair:4   | Found a hole to the Spider Nest.
 17292 | Lair:4   | Reached skill level 10 in Fighting
 17708 | Lair:4   | Found a staircase to the Shoals.
 18026 | Lair:5   | Got an ichor-stained cloak
 18037 | Lair:5   | Identified the +0 cloak of the Bells {rPois Str+5 Int-5 Dex+3} (You found it on level 5 of the Lair of Beasts)
 18037 | Lair:5   | Lost intelligence.
 18198 | Lair:5   | Reached skill level 15 in Shields
 18462 | Lair:5   | Received a gift from Okawaru
 18463 | Lair:5   | Got a warped chain mail {god gift}
 18474 | Lair:5   | Identified the +7 chain mail "Koafof" {-Tele rF+ Regen+} (Okawaru gifted it to you on level 5 of the Lair of Beasts)
 18615 | Lair:5   | Noticed Rupert
 18633 | Lair:5   | Killed Rupert
 18883 | Lair:6   | Entered Level 6 of the Lair of Beasts
 19056 | Lair:6   | Reached XP level 15. HP: 91/93 MP: 15/15
 19059 | Lair:6   | Found a staircase to the Slime Pits.
 19301 | Lair:6   | Reached skill level 16 in Shields
 19433 | Lair:6   | Got a smoking lapis lazuli ring
 19459 | Lair:6   | Identified the ring of Monuut {rC+ MR+} (You found it on level 6 of the Lair of Beasts)
 19486 | Lair:6   | Received a gift from Okawaru
 20661 | Lair:6   | Gained mutation: [Your magical capacity is low. (-10% MP)] [mutagenic glow]
 20718 | Lair:6   | Gained mutation: You are occasionally teleported next to monsters. [mutagenic glow]
 20958 | Lair:6   | Reached skill level 1 in Evocations
 20977 | Lair:6   | Got a jewelled crystal plate armour
 20988 | Lair:6   | Identified the +3 crystal plate armour of Decompression {rElec Str+6 Int-2} (You found it on level 6 of the Lair of Beasts)
 21045 | Lair:6   | Found a blossoming altar of Fedhas.
 21442 | Shoals:1 | Entered Level 1 of the Shoals
 21640 | Shoals:1 | Reached skill level 17 in Shields
 21717 | Shoals:1 | Found Viysikasch's Book Boutique.
 21816 | Shoals:1 | Received a gift from Okawaru
 22156 | Shoals:1 | Reached XP level 16. HP: 101/101 MP: 15/15
 23734 | Shoals:2 | You are sucked into a shaft!
 24466 | Shoals:3 | Reached skill level 18 in Shields
 24795 | Shoals:3 | Identified Sif Muna's Volume of Poison and Hexes
 24799 | Shoals:3 | Learned a level 1 spell: Sting
 25108 | Shoals:4 | Entered Level 4 of the Shoals
 25112 | Shoals:4 | Received a gift from Okawaru
 25112 | Shoals:4 | Reached skill level 1 in Poison Magic
 25150 | Shoals:4 | Got a transparent robe {god gift}
 25162 | Shoals:4 | Identified the +2 robe of Ycse {rCorr Dex-4 SInv} (Okawaru gifted it to you on level 4 of the Shoals)
 25232 | Shoals:4 | Reached skill level 1 in Spellcasting
 25239 | Shoals:4 | Got a flickering emerald amulet
 25242 | Shoals:4 | Identified the amulet of Caducs {Gourm Fragile +Blink rF+ rN+} (You found it on level 4 of the Shoals)
 25615 | Shoals:4 | Cast into level 2 of the Abyss (merfolk javelineer)
 25640 | Abyss:2  | Reached skill level 1 in Conjurations
 25825 | Abyss:2  | Reached XP level 17. HP: 108/108 MP: 18/18
 25944 | Abyss:2  | Got a crude chain mail
 25955 | Abyss:2  | Identified the +6 chain mail of Cekil {Stlth+} (You found it on level 2 of the Abyss)
 26007 | Abyss:2  | Noticed an Executioner
 26010 | Abyss:2  | Killed an Executioner
 26068 | Abyss:2  | Noticed a Hell Sentinel
 26080 | Abyss:2  | Killed from afar by a Hell Sentinel

Skill      XL: |  1  2  3  4  5  6  7  8  9 10 11 12 13 14 15 16 17 |
---------------+----------------------------------------------------+-----
Shields        | 4 5 6 8 9 10 12 13 15 17 18 | 18.4
Dodging        | 1 2 3 4 5 6 7 8 9 |  9.0
Maces & Flails | 3 4 5 6 7 9 10 12 13 14 | 14.6
Armour         | 4 5 6 7 8 9 10 11 12 | 12.4
Fighting       | 4 5 6 7 8 9 10 11 12 13 | 13.0
Invocations    | 1 |  1.2
Evocations     | 1 2 |  2.0
Poison Magic   | 2 |  2.1
Spellcasting   | 2 |  2.3
Conjurations   | 1 2 |  2.4

Action                   |  1- 3 |  4- 6 |  7- 9 | 10-12 | 13-15 | 16-18 || total
-------------------------+-------+-------+-------+-------+-------+-------++-------
Melee: Flail             |   103 |    50 |   215 |   242 |   249 |   583 ||  1442
       Whip              |    44 |    99 |   398 |   858 |  2413 |   578 ||  4390
       Mace              |       |       |       |    49 |    55 |       ||   104
Invok: Heroism           |       |       |       |     4 |     5 |       ||     9
 Abil: Evoke Invisibilit |       |       |       |       |     8 |       ||     8
       Fly               |       |       |       |       |     1 |       ||     1
Evoke: Wand              |       |       |       |     2 |     2 |       ||     4
  Use: Scroll            |       |       |     8 |    20 |    15 |     8 ||    51
       Potion            |       |       |     2 |       |     5 |     1 ||     8
 Stab: Invisible         |       |       |       |       |    16 |       ||    16
       Confused          |       |       |       |       |       |     1 ||     1
  Eat: Chunk             |     2 |     2 |    11 |    25 |    34 |    14 ||    88
       Fruit             |       |     1 |       |       |       |       ||     1
       Meat ration       |       |       |     1 |       |       |       ||     1
       Royal jelly       |       |       |       |     2 |       |       ||     2
Armor: Scale mail        |    93 |    74 |    16 |       |       |       ||   183
       Chain mail        |       |       |   361 |   277 |   965 |   603 ||  2206
       Troll leather arm |       |       |       |    64 |       |       ||    64
       Crystal plate arm |       |       |       |    68 |   267 |       ||   335
Dodge: Dodged            |    44 |    63 |   205 |   283 |   961 |   598 ||  2154
Block: Shield            |    87 |    82 |   386 |   550 |  1747 |   912 ||  3764
